 Dungeon Crawl Stone Soup version 0.10.2-40-g36e0077 character file.

1815563 Zammy the Impregnable (level 23, 197/207 HPs)
             Began as a Demonspawn Berserker on July 3, 2012.
             Was a High Priest of Trog.
             Escaped with the Orb
             ... and 4 runes on July 6, 2012!
             The game lasted 07:49:23 (92651 turns).

Zammy the Impregnable (Demonspawn Berserker)       Turns: 92651, Time: 07:49:23

HP 197/207       AC 37     Str 31      XL: 23   Next: 67%
MP  20/20        EV  9     Int 10      God: Trog [*****.]
Gold 6872        SH  0     Dex 17      Spells:  0 memorised, 22 levels left

Res.Fire  : + + .   See Invis. : +   a - +8,+10 dwarf battleaxe (elec) {god gift}
Res.Cold  : + + +   Warding    : + . i - +0 gold dragon armour
Life Prot.: + . .   Conserve   : .   (no shield)
Res.Acid. : . . .   Res.Corr.  : .   R - -1 cap {SInv}
Res.Poison: +       Clarity    : .   d - +0 cloak {darkness}
Res.Elec. : .       Spirit.Shd : .   Z - +3 pair of gauntlets of War {Acc+5 Dam+5}
Sust.Abil.: . .     Stasis     : .   E - +1 pair of dwarf boots
Res.Mut.  : .       Ctrl.Telep.: x   N - amulet of Cheibriados' Fury {Ward rC++ MR}
Res.Rott. : .       Levitation : .   J - ring "Khiyr" {rF+ Dex+4 Dam+5}
Saprovore : . . .   Ctrl.Flight: .   Q - ring of Umaiponko {+Lev Str+4 Acc+6}

@: extraordinarily resistant to hostile enchantments, extremely unstealthy
A: horns 2, blurry vision 2, deformed body, mutation resistance 1, nightstalker
3, powered by pain 3, wild magic 1, augmentation 3, AC +8, Int +1
a: Burn Spellbooks, Berserk, Trog's Hand, Brothers in Arms, Renounce Religion,
Evoke Invisibility, Evoke Levitation
}: 4/15 runes: decaying, serpentine, silver, abyssal


You escaped.
You worshipped Trog.
Trog was exalted by your worship.
You were not hungry.

You visited 10 branches of the dungeon, and saw 69 of its levels.
You visited the Abyss 1 time.
You visited 1 Labyrinth.
You visited 4 portal chambers: bailey, spiders nest, volcano, wizlab.

You collected 7527 gold pieces.
You spent 675 gold pieces at shops.

Inventory:

Hand weapons
 a - a +8,+10 dwarven battleaxe of electrocution (weapon) {god gift}
 x - the +2,+2 demon whip of Courage {elec, +Inv MR Str+1}
   (You found it on level 8 of the Vaults)

   Occasionally, upon striking a foe, it will discharge some electrical energy
   and cause terrible harm.
   It affects your strength (+1).
   It increases your resistance to enchantments.
   It lets you turn invisible.
Armour
 d - a +0 cloak of darkness (worn)
 i - a +0 gold dragon armour (worn)
 E - a +1 pair of dwarven boots (worn)
 R - a -1 cap of see invisible (worn)
 Z - the +3 pair of gauntlets of War (worn) {Acc+5 Dam+5}
   (You acquired it on level 14 of the Dungeon)

   It affects your accuracy (+5).
   It affects your damage-dealing abilities (+5).
Magical devices
 k - a wand of digging (12)
 n - a wand of teleportation (6)
 q - a wand of heal wounds (8)
 r - a wand of fire (2)
 w - a wand of random effects (13)
 z - a wand of cold (9)
 I - a wand of digging (0)
 T - a wand of teleportation (5)
 X - a wand of teleportation (7)
Comestibles
 f - 7 meat rations
 h - 25 honeycombs
 l - 11 bread rations
 H - 3 bananas (quivered) {For the monkey}
Scrolls
 s - a scroll of remove curse
 B - a scroll of teleportation
Jewellery
 b - an uncursed ring of life protection
 o - the amulet "Woqof" {Faith Int+3 Dam+2}
   (You acquired it on level 23 of the Dungeon)

   [amulet of faith]

   It affects your intelligence (+3).
   It affects your damage-dealing abilities (+2).
 t - an uncursed amulet of conservation
 J - the ring "Khiyr" (right hand) {rF+ Dex+4 Dam+5}
   (You found it on level 5 of the Elven Halls)

   [ring of slaying]

   It affects your damage-dealing abilities (+5).
   It affects your dexterity (+4).
   It protects you from fire.
 N - the amulet of Cheibriados' Fury (around neck) {Ward rC++ MR}
   (You found it on level 5 of the Elven Halls)

   [amulet of warding]

   It greatly protects you from cold.
   It increases your resistance to enchantments.
 P - the ring "Jyetebyo" {Dex+3 Int+4 SInv}
   (You found it on level 5 of the Vaults)

   [ring of see invisible]

   It affects your intelligence (+4).
   It affects your dexterity (+3).
 Q - the ring of Umaiponko (left hand) {+Lev Str+4 Acc+6}
   (You found it on level 21 of the Dungeon)

   [ring of levitation]

   It affects your strength (+4).
   It affects your accuracy (+6).
 U - an uncursed ring of levitation
Potions
 e - a potion of magic
 j - a potion of heal wounds
 m - a potion of cure mutation
 p - 2 potions of levitation
 u - 2 potions of speed
 v - 10 potions of resistance
 A - 21 potions of curing
 C - 2 potions of might
 S - 6 potions of restore abilities
Books
 W - a book of Flames

   Spells                             Type                      Level
   Flame Tongue                       Conjuration/Fire             1
   Throw Flame                        Conjuration/Fire             2
   Conjure Flame                      Conjuration/Fire             3
   Inner Flame                        Hexes/Fire                   3
   Sticky Flame                       Conjuration/Fire             4
   Fireball                           Conjuration/Fire             5
   Trog disapproves of the use of such an item.
 Y - a book of the Tempests

   Spells                             Type                      Level
   Static Discharge                   Conjuration/Air              3
   Lightning Bolt                     Conjuration/Air              5
   Fireball                           Conjuration/Fire             5
   Tornado                            Air                          9
   Shatter                            Earth                        9
   Trog disapproves of the use of such an item.
Magical staves
 c - a +2 rod of destruction [ice] (13/13)
   (You took it off a deep elf death mage on level 5 of the Elven Halls)
Orbs of Power
 y - the Orb of Zot


   Skills:
 + Level 23,8 Fighting
 + Level 22,9 Axes
 * Level 25,6 Armour
 - Level 11,9 Dodging
 - Level 10,0 Traps & Doors


You had 22 spell levels left.
You didn't know any spells.

Dungeon Overview and Level Annotations

Branches:
Dungeon (27/27)            Temple (1/1) D:4             Orc (4/4) D:6
    Elf (5/5) Orc:3          Lair (8/8) D:9           Swamp (5/5) Lair:5
  Slime (0/6) Lair:8        Snake (5/5) Lair:4        Vault (8/8) D:14
  Blade (1/1) Vault:6       Crypt (0/5) Vault:2         Zot (5/5) D:27

Altars:
Ashenzari
Cheibriados
Elyvilon
Fedhas
Kikubaaqudgha
Makhleb
Nemelex Xobeh
Okawaru
Sif Muna
The Shining One
Trog
Vehumet
Xom
Yredelemnul
Zin
Beogh

Shops:
D:4: ? D:8: *! D:14: ( D:20: / Orc:1: * Orc:4: !(** Vault:4: %*?

Portals:
Hell: D:21 D:22 D:23 D:24 D:25 D:26 D:27
Abyss: D:21 D:23 D:24 D:25
Pan: D:24 D:27
Ziggurat: D:26 (4640 gp)

Annotations
D:4 exclusion: 2 doors
D:26 exclusion: 2 doors Port exclusion: 2 statues


Innate Abilities, Weirdness & Mutations

You have a pair of horns on your head.
You are completely covered in iridescent scales (AC +8).
You are completely attuned to the shadows.
You sometimes regain a lot of magical energy from taking damage.
Your magical and physical power is greatly enhanced as your life falls.
Your vision is quite blurry.
Your mind is acute (Int +1).
Armour fits poorly on your strangely shaped body.
You are somewhat resistant to further mutation.
Your spells are a little harder to cast, but a little more powerful.


Message History

(Z) Zot
Where to? (Enter - D:2 @ (x,y), ? - help)
The hell hound barks!
The hell hound is too close now for your liking.
The hell hound breathes fire at you. The blast of flame hits you! You resist.
You barely miss the hell hound. The hell hound closely misses you.
You closely miss the hell hound. Your headbutt misses the hell hound.
The hell hound completely misses you.
You slice the hell hound!!
There is a sudden explosion of sparks!
You kill the hell hound!
Trog accepts your kill.
There is an open door here.
There is a stone staircase leading up here.
You climb upwards.
You sense a powerful magical force warping space.
There is a stone staircase leading down here.
There is a staircase leading out of the dungeon here.
Are you sure you want to win?
You have escaped!

# #.# #.# #.# # # #.# #.# #.# # #
#.# ########.######.###### # #.#
#...§................. # #.#
#.#....#.######.###### #
####.####.#.§..#^# #.# #
#....(....#.><.#.# #.# #
#.........#....#.# #.# #
#.........#.>@.#.######.######
###################.)............
....................######.######
###################.# #.#
....................# #.#
##########################.######
.....<...........................
....######################.######
....# ##.###


There were no monsters in sight!

Vanquished Creatures
  A pandemonium lord (D:25)
  2 ancient liches
  An orb of fire (Zot:5)
  A greater mummy (D:22)
  Boris (D:22)
  Mara (D:22)
  Margery (D:24)
  2 Killer Klowns (Zot:5)
  Mennas (D:22)
  2 golden dragons (Vault:8)
  A profane servitor (Abyss)
  Xtahua (D:23)
  2 electric golems
  A Pit Fiend (D:2)
  The ghost of bracciolini the Slayer, a mighty MiFi of Trog (Swamp:5)
  2 deep elf blademasters (Elf:5)
  14 Orb Guardians (Zot:5)
  2 liches
  12 shadow dragons
  A sphinx (Vault:7)
  9 storm dragons
  A sphinx (shapeshifter) (D:27)
  Roxanne (Snake:5)
  A frost giant (Vault:8)
  A balrug (Abyss)
  7 bone dragons
  An iron dragon (Vault:7)
  Wiglaf (D:18)
  2 draconian zealots
  3 tentacled monstrosities
  5 fire giants
  Gastronok (D:11)
  47 stone giants
  2 quicksilver dragon skeletons
  A cacodemon (Abyss)
  A human zombie (D:24)
  A green draconian (Abyss)
  A draconian caller (D:27)
  2 grey draconians
  5 greater nagas (Snake:5)
  6 deep elf annihilators (Elf:5)
  Jozef (Elf:2)
  A black draconian (Zot:1)
  A purple draconian (Zot:3)
  5 deep elf death magi
  3 mottled draconians
  4 pale draconians
  A reaper (Abyss)
  4 deep elf sorcerers (Elf:5)
  2 titan zombies (Abyss)
  12 ettins
  7 anacondas
  2 deep elf master archers (Elf:5)
  3 anacondas (shapeshifter)
  Snorg (Snake:5)
  A yellow draconian (D:27)
  40 yaktaur captains
  An ettin (shapeshifter) (D:27)
  A great orb of eyes (shapeshifter) (D:25)
  A minotaur (Lab)
  24 vault guards (Vault:7)
  3 dragons
  A great orb of eyes (Vault:5)
  A lorocyproca (D:11)
  Erica (D:12)
  Josephine (Vault:1)
  4 ice dragons
  3 death cobs
  A hydra (shapeshifter) (D:27)
  A golden dragon zombie (Abyss)
  A sphinx zombie (D:22)
  21 hydras
  An anaconda skeleton (Abyss)
  A draconian (shapeshifter) (Vault:7)
  4 rakshasas
  An iron dragon zombie (Abyss)
  Nessos (Vault:1)
  4 wizards
  10 ogre magi
  5 deep elf demonologists
  3 deep elf high priests (Elf:5)
  6 alligators
  3 dancing weapons
  A stone giant zombie (D:22)
  A death yak (Lair:8)
  An iron dragon skeleton (Abyss)
  3 frost giant zombies
  Nergalle (Elf:5)
  2 frost giant skeletons (Abyss)
  3 orc high priests (Orc:4)
  8 deep trolls
  4 hell hogs (Abyss)
  A sphinx skeleton (D:24)
  26 centaur warriors
  5 very ugly things
  A shadow wraith (D:22)
  An iron golem (D:18)
  Erolcha (D:13)
  4 hell knights (D:24)
  3 ice devils
  4 stone giant skeletons
  A fire giant skeleton (Vault:4)
  3 soul eaters
  39 skeletal warriors
  3 iron trolls
  4 emperor scorpions (Port)
  An emperor scorpion (shapeshifter) (D:27)
  An elephant slug zombie (Abyss)
  A grey draconian zombie (Abyss)
  A shadow demon (Abyss)
  2 yellow draconian zombies (Abyss)
  7 unseen horrors
  32 deep elf knights
  12 naga warriors
  A purple draconian zombie (Abyss)
  A giant orange brain (Abyss)
  A death yak zombie (Abyss)
  A pale draconian zombie (Abyss)
  2 mottled draconian zombies (Abyss)
  2 red draconian zombies (Abyss)
  A lindwurm (Lair:8)
  3 swamp dragons (Swamp:5)
  A death drake (Zot:5)
  3 iron troll zombies
  2 grey draconian skeletons (Abyss)
  33 large abominations
  6 flayed ghosts
  26 orc knights
  A yellow draconian skeleton (Abyss)
  11 hill giants
  6 orc sorcerers
  2 hellions
  3 necromancers
  9 harpies
  A guardian serpent (shapeshifter) (Vault:8)
  2 purple draconian skeletons (Abyss)
  5 phantasmal warriors
  A sea snake skeleton (Abyss)
  4 mottled draconian skeletons (Abyss)
  9 griffons
  2 harpy zombies
  A lindwurm (shapeshifter) (Vault:8)
  A pale draconian skeleton (Abyss)
  Urug (Elf:5)
  A black draconian skeleton (Abyss)
  A death yak skeleton (Abyss)
  2 guardian serpents
  A wolf spider zombie (Vault:3)
  A shining eye (shapeshifter) (D:27)
  4 giant amoebae
  2 red wasps (Vault:7)
  2 hydra zombies
  2 death drake zombies (Abyss)
  An iron troll skeleton (Vault:7)
  A moth of wrath (shapeshifter) (Vault:8)
  3 fire crabs
  4 moths of wrath
  A spiny worm (D:18)
  2 fire crabs (shapeshifter)
  4 deep dwarf berserkers (D:15)
  A cyclops (shapeshifter) (D:27)
  18 cyclopes
  A human (shapeshifter) (Vault:5)
  4 wolf spiders
  Maurice (Orc:4)
  A stone golem (Abyss)
  4 ettin zombies (D:22)
  60 slime creatures
  5 feature mimics
  4 elephant slugs (Lair:8)
  4 trapdoor spiders
  An eye of devastation (shapeshifter) (Vault:8)
  4 sixfirhies
  2 dragon skeletons
  A dragon zombie (Vault:4)
  A red wasp zombie (Vault:1)
  A hell beast (D:25)
  5 elephants
  5 hill giant zombies
  5 ettin skeletons
  13 black mambas
  2 griffon skeletons
  18 orange demons (Abyss)
  A wolf spider (shapeshifter) (D:20)
  27 hellwings (Abyss)
  A black mamba (shapeshifter) (Vault:3)
  3 ice dragon skeletons
  43 yaktaurs
  A red draconian simulacrum (Abyss)
  10 spiny frogs
  Psyche (D:10)
  3 guardian mummies (D:22)
  23 naga magi
  95 ugly things
  4 efreeti
  12 rock trolls
  A rock troll (shapeshifter) (Vault:8)
  3 iron devils
  A troll (shapeshifter) (Vault:8)
  5 hill giant skeletons
  4 rock troll zombies
  6 trolls
  Sonja (Vault:1)
  2 queen bees
  Prince Ribbit (D:7)
  A polar bear (Lair:4)
  A mottled draconian simulacrum (Abyss)
  2 agate snail zombies
  2 deep troll zombies
  26 blink frogs
  2 spriggans (shapeshifter)
  4 baby alligators (Swamp:2)
  A silent spectre (Abyss)
  5 komodo dragons
  4 redbacks
  19 two-headed ogres
  2 bog mummies
  A deep troll skeleton (D:23)
  A deep dwarf necromancer (Abyss)
  2 grizzly bears (shapeshifter) (D:27)
  A red wasp simulacrum (D:19)
  27 smoke demons
  A redback zombie (D:22)
  4 rock troll skeletons
  9 bumblebees
  4 basilisks
  A snapping turtle skeleton (Abyss)
  A hungry ghost (D:13)
  2 blue devils
  A grizzly bear (Lair:4)
  A merfolk skeleton (Abyss)
  16 war dogs
  17 deep elf conjurers
  16 ynoxinuls (Abyss)
  Eustachio (Orc:1)
  5 wraiths
  3 vampires
  A wyvern (Vault:1)
  3 chaos spawn
  A yak (shapeshifter) (D:27)
  2 rock worms (D:19)
  2 blink frog skeletons (Vault:2)
  5 hippogriffs
  15 deep elf summoners
  A hog (shapeshifter) (Vault:6)
  A merfolk (D:14)
  3 clay golems (Abyss)
  A yaktaur zombie (Vault:7)
  72 yaks
  21 neqoxecs
  4 manticores
  2 item mimics
  27 deep elf fighters
  2 fire drakes (Lair:8)
  Edmund (D:7)
  30 vampire mosquitoes
  A giant slug zombie (D:16)
  2 spatial vortices (Abyss)
  2 necrophages
  21 small abominations (Abyss)
  7 hell hounds
  2 soldier ants
  69 orc warriors
  4 mottled dragons
  7 deep elf priests
  A rock troll simulacrum (Vault:5)
  6 sky beasts
  A jumping spider (Port)
  13 swamp worms
  A red devil (D:8)
  A cyclops skeleton (Vault:2)
  10 insubstantial wisps
  A manticore skeleton (Abyss)
  A yaktaur skeleton (Vault:5)
  12 freezing wraiths
  10 giant goldfish
  A black bear (Lair:4)
  A phantom (D:18)
  10 swamp drakes
  A deep dwarf (Abyss)
  A yellow wasp (shapeshifter) (D:19)
  2 yellow wasps
  A deep dwarf (shapeshifter) (D:22)
  3 ice beasts
  40 centaurs
  99 nagas
  4 boring beetles
  An elf (shapeshifter) (Vault:8)
  43 ogres
  4 rotting devils
  2 troll zombies
  11 crocodiles
  25 deep elf magi
  A lava worm (D:26)
  A boring beetle (shapeshifter) (D:22)
  2 boulder beetle zombies
  8 wargs
  33 water moccasins
  6 big kobolds
  27 giant frogs
  A giant frog (shapeshifter) (Vault:1)
  5 giant slugs
  4 giant leeches (Swamp:1)
  A basilisk zombie (D:13)
  4 brain worms
  A tarantella (Port)
  A gnoll sergeant (D:8)
  A soldier ant zombie (D:12)
  5 agate snails
  2 basilisk skeletons
  A water moccasin skeleton (Vault:2)
  19 electric eels
  A bumblebee simulacrum (D:21)
  144 killer bees
  7 boulder beetles
  10 jellyfish
  3 eyes of draining
  2 fire bats (Abyss)
  A brain worm zombie (Vault:1)
  2 lava fish (D:13)
  A mottled dragon zombie (D:16)
  6 goliath beetles
  A lava snake (Abyss)
  4 quasits
  3 shadows
  5 spiders (Port)
  4 big kobold skeletons
  16 crimson imps
  25 iron imps (Abyss)
  10 hounds
  36 orc priests
  13 big fish
  7 iguanas
  3 worker ants
  4 hound skeletons
  37 orc wizards
  An orange rat (Elf:1)
  40 deep elf soldiers
  7 porcupines
  6 scorpions
  A lightning spire (Abyss)
  13 sheep
  A worm zombie (D:21)
  A spectral orc (Elf:5)
  7 boggarts
  5 jellies
  4 goliath beetle zombies
  5 flying skulls (Abyss)
  6 mummies
  14 gnolls
  7 orc zombies (Orc:4)
  50 adders
  12 giant centipedes
  2 giant centipede zombies
  62 green rats
  25 lemures (Abyss)
  30 midges
  8 giant mites
  2 shadow imps
  28 white imps
  An iguana skeleton (D:12)
  6 worms
  81 ufetubi
  A grey rat (Elf:1)
  A bat skeleton (D:4)
  A bat zombie (D:25)
  3 giant eyeballs
  12 giant geckos
  An ooze (D:2)
  230 orcs
  4 ball pythons
  30 bats
  9 giant cockroaches
  15 hobgoblins
  29 jackals
  10 quokkas
  A giant gecko skeleton (D:22)
  14 giant newts
  2 giant spores
  34 goblins
  A goblin skeleton (D:22)
  5 illusory rakshasas
  51 kobolds
  A kobold skeleton (D:6)
  A kobold zombie (D:5)
  An orc skeleton (Vault:2)
  A quokka skeleton (D:6)
  34 rats
  7 ballistomycetes
  A crawling corpse (Elf:5)
  5 fungi
  6 plants
  22 toadstools
3325 creatures vanquished.

Vanquished Creatures (collateral kills)
  A pandemonium lord (D:26)
  Saint Roka (D:20)
  An Orb Guardian (Zot:5)
  A shadow dragon (Vault:8)
  A draconian monk (Zot:4)
  A bone dragon (Zot:5)
  A green draconian (Zot:4)
  A black draconian (Zot:4)
  An ettin (Vault:8)
  A yaktaur captain (D:14)
  A deep elf demonologist (Elf:5)
  A deep elf knight (D:18)
  3 orc knights (D:18)
  A moth of wrath (Zot:5)
  8 yaktaurs
  A wolf spider (D:18)
  An ugly thing (D:20)
  2 trolls
  A deep elf fighter (Vault:8)
  A war dog (D:9)
  3 orc warriors
  A small abomination (D:25)
  3 giant goldfish (D:9)
  3 centaurs
  A giant slug (shapeshifter) (Vault:8)
  A giant frog zombie (D:12)
  A giant frog (D:9)
  2 killer bees (D:14)
  2 big fish (D:9)
  3 hounds (D:9)
  A scorpion (D:9)
  An orc priest (D:20)
  A worker ant (D:9)
  A giant eyeball (Abyss)
  2 orcs (D:20)
  A ball python (D:9)
  A bat (D:9)
  3 jackals (D:9)
  A kobold (D:16)
  A giant cockroach (D:9)
63 creatures vanquished.

Vanquished Creatures (others)
  An iron troll (Zot:5)
  A large abomination (Abyss)
  3 hill giants
  2 trolls
  A wizard (D:4)
  A spiny frog (Lair:8)
  An ugly thing (D:19)
  2 yaks
  A golden eye (Abyss)
  A small abomination (D:17)
  A deep elf priest (Elf:3)
  A brain worm zombie (Vault:1)
  2 deep elf soldiers
  A hound (D:24)
  A sheep (Vault:6)
  2 boggarts (Vault:7)
  An adder (Swamp:5)
  An ufetubus (Elf:3)
  2 hobgoblins
  A bat (Vault:1)
  A giant newt (D:22)
  A giant spore (D:15)
  A quokka skeleton (D:22)
  A rat (Lair:3)
  3 crawling corpses (Elf:5)
  2 fungi
  A plant (Lair:6)
  68 toadstools
105 creatures vanquished.

Grand Total: 3493 creatures vanquished

Notes
Turn   | Place    | Note
--------------------------------------------------------------
     0 | D:1      | Zammy, the Demonspawn Berserker, began the quest for the Orb.
     0 | D:1      | Reached XP level 1. HP: 18/18 MP: 0/0
   402 | D:1      | Gained mutation: You are partially covered in iridescent scales (AC +4).
   402 | D:1      | Reached XP level 2. HP: 6/24 MP: 1/1
   677 | D:1      | Acquired Trog's second power
   940 | D:1      | Reached skill level 4 in Fighting
   987 | D:1      | Gained mutation: You are mostly covered in iridescent scales (AC +6).
   987 | D:1      | Reached XP level 3. HP: 30/30 MP: 2/2
  2528 | D:3      | Gained mutation: You are slightly more attuned to the shadows.
  2528 | D:3      | Reached XP level 4. HP: 37/37 MP: 3/3
  3093 | D:4      | Found a staircase to the Ecumenical Temple.
  3103 | Temple   | Entered the Ecumenical Temple
  3192 | D:4      | Found Nierinn's Magic Scroll Shoppe.
  3198 | D:4      | Bought a scroll of identify for 24 gold pieces
  3424 | D:4      | Gained mutation: You have a pair of small horns on your head.
  3424 | D:4      | Gained mutation: You are significantly more attuned to the shadows.
  3424 | D:4      | Reached XP level 5. HP: 37/42 MP: 4/4
  3751 | D:4      | Found a bloodstained altar of Trog.
  3754 | D:4      | Noticed a terrified wizard
  3760 | D:4      | Killed a terrified wizard
  4014 | D:5      | Entered Level 5 of the Dungeon
  4068 | D:5      | Reached skill level 5 in Fighting
  4089 | D:5      | Acquired Trog's third power
  4169 | D:5      | Reached XP level 6. HP: 42/49 MP: 5/5
  4230 | D:5      | Found a burning altar of Makhleb.
  4419 | D:5      | Reached skill level 5 in Axes
  4545 | D:5      | Found a shimmering altar of Xom.
  4920 | D:6      | Got a dazzling glaive
  4921 | D:6      | Identified the glaive "Yfoniri" {chop, Dex+3} (You found it on level 6 of the Dungeon)
  5075 | D:6      | Gained mutation: You sometimes regain a little magical energy from taking damage.
  5075 | D:6      | Reached XP level 7. HP: 56/56 MP: 6/6
  5329 | D:6      | Found a staircase to the Orcish Mines.
  5344 | D:6      | Reached skill level 6 in Fighting
  5536 | D:6      | Found a deep blue altar of Sif Muna.
  5605 | D:6      | Found a white marble altar of Elyvilon.
  5700 | D:6      | Received a gift from Trog
  5711 | D:6      | Got a bloodstained quarterstaff {god gift}
  5811 | D:6      | Reached skill level 5 in Armour
  5858 | D:6      | Reached XP level 8. HP: 63/63 MP: 7/7
  6401 | D:7      | Found a flagged portal. 6492
                  | bailey
                  | Entered the bailey 6572
                  | bailey
                  | Reached skill level 7 in Fighting 6601
                  | bailey
                  | Reached XP level 9. HP: 44/70 MP: 8/8
  6796 | D:7      | Noticed Edmund
  6807 | D:7      | Killed Edmund
  6874 | D:7      | Found a glowing golden altar of the Shining One.
  7249 | D:8      | Received a gift from Trog
  7415 | D:8      | Reached skill level 8 in Fighting
  7974 | D:8      | Noticed Prince Ribbit
  8094 | D:7      | Killed Prince Ribbit
  8514 | D:8      | Found Foskam's Assorted Antiques.
  8630 | D:8      | Found Ketir's Distillery.
  8636 | D:8      | Bought a potion of heal wounds for 42 gold pieces
  8657 | D:8      | Received a gift from Trog
  8760 | D:9      | Found a staircase to the Lair.
  8788 | D:9      | Gained mutation: You sometimes regain magical energy from taking damage.
  8788 | D:9      | Gained mutation: You have a pair of horns on your head.
  8788 | D:9      | Reached XP level 10. HP: 32/79 MP: 9/9
  8995 | D:9      | Reached skill level 9 in Fighting
 10205 | D:9      | Reached skill level 10 in Fighting
 10211 | D:9      | Received a gift from Trog
 10375 | Lair:1   | Entered Level 1 of the Lair of Beasts
 10375 | Lair:1   | Found a labyrinth entrance.
 10547 | Lab      | Entered a Labyrinth
 11047 | Lab      | Got a glittering ruby amulet
 11084 | Lab      | Identified the amulet of Royalty (You found it in a Labyrinth)
 11086 | Lab      | Identified a +2 rod of summoning (10/10) (You found it in a Labyrinth)
 12118 | Lair:1   | Reached XP level 11. HP: 60/87 MP: 10/10
 12369 | Lair:2   | Reached skill level 10 in Axes
 12720 | Lair:2   | Reached skill level 11 in Fighting
 13266 | Lair:3   | Received a gift from Trog
 13373 | Lair:3   | Reached skill level 10 in Armour
 14545 | Lair:4   | Found a staircase to the Snake Pit.
 15511 | Lair:5   | Reached skill level 12 in Fighting
 15607 | Lair:5   | Found a staircase to the Swamp.
 15648 | Lair:5   | Received a gift from Trog
 16361 | Lair:5   | Reached XP level 12. HP: 76/97 MP: 11/11
 16664 | Lair:6   | Found a crumbling entrance.
 16672 | Spider   | Entered a spider's nest
 16885 | Spider   | Received a gift from Trog
 17381 | Spider   | Reached skill level 13 in Fighting
 18155 | Lair:6   | Identified a scroll of acquirement
 18405 | Lair:7   | You fall through a shaft!
 18405 | Lair:8   | Entered Level 8 of the Lair of Beasts
 18770 | Lair:7   | Received a gift from Trog
 19532 | Lair:7   | Reached XP level 13. HP: 22/106 MP: 12/12
 19801 | Lair:8   | Reached skill level 14 in Fighting
 19839 | Lair:8   | Received a gift from Trog
 20999 | Lair:8   | Received a gift from Trog
 21136 | Lair:8   | Found a staircase to the Slime Pits.
 21412 | Lair:8   | Reached skill level 15 in Fighting
 22238 | D:10     | Entered Level 10 of the Dungeon
 22252 | D:10     | Noticed Psyche
 22257 | D:10     | Killed Psyche
 22488 | D:10     | Paralysed by a giant eyeball for 2 turns
 22968 | D:11     | Received a gift from Trog
 23188 | D:11     | Noticed Gastronok
 23208 | D:11     | Killed Gastronok
 23549 | D:12     | Reached XP level 14. HP: 83/116 MP: 13/13
 24388 | D:12     | Noticed Erica
 24396 | D:12     | Killed Erica
 24794 | D:13     | Received a gift from Trog
 24898 | D:13     | Noticed Erolcha
 24903 | D:13     | Killed Erolcha
 24982 | D:14     | Entered Level 14 of the Dungeon
 25314 | D:14     | Found a staircase to the Vaults.
 25319 | D:14     | Noticed a yaktaur captain
 25329 | D:14     | Killed a yaktaur captain
 25838 | D:14     | Got a pair of thick gauntlets
 25842 | D:14     | Identified the +3 pair of gauntlets of War (You acquired it on level 14 of the Dungeon)
 25878 | D:14     | Reached skill level 16 in Fighting
 25948 | D:14     | Found Soqaocsi's Weapon Shop.
 25950 | D:14     | Found a burning altar of Makhleb.
 26169 | D:15     | Entered Level 15 of the Dungeon
 26216 | D:15     | Reached skill level 15 in Axes
 26225 | D:15     | Received a gift from Trog
 26302 | D:15     | Found a bloodstained altar of Trog.
 27374 | D:15     | Found a bloodstained altar of Trog.
 28027 | D:16     | Reached skill level 15 in Armour
 28308 | D:16     | Paralysed by a yellow wasp for 1 turns
 28356 | D:17     | Received a gift from Trog
 29048 | D:17     | Found an ancient bone altar of Kikubaaqudgha.
 30175 | D:18     | Noticed Wiglaf
 30193 | D:18     | Killed Wiglaf
 30197 | D:18     | Reached skill level 17 in Fighting
 30471 | D:18     | Found an iron altar of Okawaru.
 30786 | D:18     | Received a gift from Trog
 31093 | D:18     | Reached XP level 15. HP: 107/127 MP: 14/14
 31567 | D:19     | Got a pitted buckler
 32043 | D:19     | Received a gift from Trog
 33571 | D:19     | Reached skill level 18 in Fighting
 33618 | D:20     | Entered Level 20 of the Dungeon
 33783 | D:20     | Noticed Saint Roka
 33795 | D:20     | Killed Saint Roka
 34194 | D:20     | Found Taduamus' Magical Wand Shop.
 34205 | D:20     | Gained mutation: You sometimes regain a lot of magical energy from taking damage.
 34205 | D:20     | Gained mutation: You are completely covered in iridescent scales (AC +8).
 34205 | D:20     | Reached XP level 16. HP: 137/137 MP: 15/15
 34414 | D:20     | Received a gift from Trog
 35254 | Orc:1    | Entered Level 1 of the Orcish Mines
 35272 | Orc:1    | Found Uxit's Assorted Antiques.
 35376 | Orc:1    | Noticed Eustachio
 35380 | Orc:1    | Killed Eustachio
 35430 | Orc:1    | Noticed a rock troll
 35439 | Orc:1    | Killed a rock troll
 35577 | Orc:2    | Received a gift from Trog
 36014 | Orc:2    | Received a gift from Trog
 36196 | Orc:2    | Found a dark tunnel.
 36201 | Volcano  | Entered a volcano
 36881 | Orc:4    | Entered Level 4 of the Orcish Mines
 37063 | Orc:3    | Found a roughly hewn altar of Beogh.
 37144 | Orc:4    | Noticed Maurice
 37151 | Orc:4    | Killed Maurice
 37383 | Orc:3    | Found a staircase to the Elven Halls.
 37465 | Orc:4    | Received a gift from Trog
 37705 | Orc:4    | Noticed an orc high priest
 37870 | Orc:4    | Killed an orc high priest
 38072 | Orc:4    | Found Loulezal's Distillery.
 38079 | Orc:4    | Found Vonaovoo's Antique Weapon Boutique.
 38081 | Orc:4    | Noticed an orc high priest
 38086 | Orc:4    | Killed an orc high priest
 38112 | Orc:4    | Noticed an orc high priest
 38123 | Orc:4    | Paralysed by an orc sorcerer for 3 turns
 38293 | Orc:4    | Found Haohy's Assorted Antiques.
 38297 | Orc:4    | Killed an orc high priest
 38309 | Orc:4    | Found Paipt's General Store.
 38311 | Orc:4    | Reached XP level 15. HP: 129/129 MP: 14/14
 38391 | Orc:3    | Noticed a cyclops
 38394 | Orc:3    | Killed a cyclops
 38713 | Vault:1  | Entered Level 1 of the Vaults
 38713 | Vault:1  | Noticed Nessos
 38720 | Vault:1  | Killed Nessos
 38720 | Vault:1  | Reached skill level 1 in Traps & Doors
 38975 | Vault:1  | Noticed Sonja
 38995 | Vault:1  | Killed Sonja
 39126 | Vault:1  | Received a gift from Trog
 39442 | Vault:1  | Reached XP level 16. HP: 134/138 MP: 15/15
 39513 | Vault:1  | Noticed Josephine
 39518 | Vault:1  | Killed Josephine
 40006 | Vault:2  | Found a magical portal.
 40011 | WizLab   | Entered Iskenderun's Mystic Tower
 40352 | Vault:2  | Reached skill level 5 in Traps & Doors
 40658 | Vault:2  | Found a staircase to the Crypt.
 40814 | Vault:3  | Received a gift from Trog
 41651 | Vault:4  | Paralysed by a wizard for 5 turns
 42083 | Vault:4  | Received a gift from Trog
 42161 | Vault:4  | Found Ceitumadgh's Food Emporium.
 42171 | Vault:4  | Bought a meat ration for 56 gold pieces
 42171 | Vault:4  | Bought a meat ration for 56 gold pieces
 42171 | Vault:4  | Bought a bread ration for 56 gold pieces
 42171 | Vault:4  | Bought a bread ration for 56 gold pieces
 42171 | Vault:4  | Bought a bread ration for 56 gold pieces
 42171 | Vault:4  | Bought a bread ration for 56 gold pieces
 42171 | Vault:4  | Bought a bread ration for 56 gold pieces
 42171 | Vault:4  | Bought a meat ration for 56 gold pieces
 42270 | Vault:4  | Found Ofru's Magic Scroll Emporium.
 42279 | Vault:4  | Bought a scroll of identify for 32 gold pieces
 42279 | Vault:4  | Bought a scroll of identify for 32 gold pieces
 42284 | Vault:4  | Gained mutation: Your mind is acute (Int +1).
 42467 | Vault:4  | Found Daniul's General Store.
 43259 | Vault:5  | Got an ancient platinum ring
 43340 | Vault:5  | Identified the ring "Jyetebyo" (You found it on level 5 of the Vaults)
 43479 | Vault:5  | Gained mutation: Your magical and physical power is slightly enhanced as your life falls.
 43479 | Vault:5  | Reached XP level 17. HP: 137/145 MP: 16/16
 43644 | Vault:5  | Gained mutation: Your spells are a little harder to cast, but a little more powerful.
 43644 | Vault:5  | Gained mutation: You are somewhat resistant to further mutation.
 43658 | Vault:5  | Received a gift from Trog
 44251 | Vault:6  | Found a staircase to the Hall of Blades.
 44291 | Blade    | Entered the Hall of Blades
 45000 | Vault:7  | Reached skill level 10 in Traps & Doors
 45424 | Vault:7  | Paralysed by a sphinx for 7 turns
 45706 | Vault:7  | Paralysed by a potion of paralysis for 3 turns
 46104 | Vault:8  | Entered Level 8 of the Vaults
 46127 | Vault:7  | Received a gift from Trog
 46389 | Vault:7  | Gained mutation: Your magical and physical power is enhanced as your life falls.
 46389 | Vault:7  | Reached XP level 18. HP: 83/154 MP: 17/17
 46689 | Vault:8  | Noticed an iron dragon
 46706 | Vault:7  | Killed an iron dragon
 47352 | Snake:1  | Entered Level 1 of the Snake Pit
 47861 | Snake:1  | Reached skill level 19 in Fighting
 47993 | Snake:1  | Received a gift from Trog
 49400 | Snake:2  | Received a gift from Trog
 50190 | Orc:4    | Bought a scroll of enchant armour for 71 gold pieces
 50190 | Orc:4    | Bought a scroll of identify for 26 gold pieces
 51966 | Snake:5  | Entered Level 5 of the Snake Pit
 53262 | Snake:5  | Noticed Snorg
 53269 | Snake:5  | Killed Snorg
 53352 | Snake:5  | Received a gift from Trog
 53461 | Snake:5  | Noticed Roxanne
 53768 | Snake:5  | Killed Roxanne
 54061 | Snake:5  | Received a gift from Trog
 54158 | Snake:5  | Got a serpentine rune of Zot
 55097 | Swamp:1  | Entered Level 1 of the Swamp
 55623 | Swamp:1  | Reached XP level 19. HP: 152/163 MP: 18/18
 56344 | Swamp:5  | Entered Level 5 of the Swamp
 56360 | Swamp:5  | Noticed bracciolini's ghost (mighty MiFi)
 56372 | Swamp:5  | Killed bracciolini's ghost
 56744 | Swamp:5  | Received a gift from Trog
 56897 | Swamp:5  | Got a decaying rune of Zot
 58192 | D:21     | Found a one-way gate to the infinite horrors of the Abyss.
 58307 | D:21     | Found a gateway to Hell.
 58336 | D:21     | Received a gift from Trog
 58718 | D:21     | Noticed a shadow dragon
 58730 | D:21     | Killed a shadow dragon
 58804 | D:21     | Got a flickering wooden ring
 58805 | D:21     | Identified the ring of Umaiponko (You found it on level 21 of the Dungeon)
 59385 | D:22     | Noticed Mennas
 59419 | D:22     | Killed Mennas
 60226 | D:22     | Reached skill level 20 in Fighting
 60684 | D:22     | Noticed Boris
 60901 | D:22     | Killed Boris
 61202 | D:22     | Gained mutation: Your magical and physical power is greatly enhanced as your life falls.
 61202 | D:22     | Reached XP level 20. HP: 164/173 MP: 18/18
 61237 | D:22     | Noticed a naga mage
 61259 | D:22     | Killed a naga mage
 61259 | D:22     | Received a gift from Trog
 61431 | D:22     | Noticed Mara
 61541 | D:22     | Killed Mara
 62220 | D:23     | Got an ancient amethyst amulet
 62221 | D:23     | Identified the amulet "Woqof" (You acquired it on level 23 of the Dungeon)
 62259 | D:23     | Noticed Xtahua
 62275 | D:23     | Killed Xtahua
 62808 | D:23     | Received a gift from Trog
 63417 | D:24     | Noticed Margery
 63428 | D:24     | Killed Margery
 64398 | D:24     | Found a one-way gate leading to the halls of Pandemonium.
 64592 | D:25     | Entered Level 25 of the Dungeon
 65342 | D:25     | Received a gift from Trog
 66043 | D:26     | Found a shimmering altar of Xom.
 66596 | D:26     | Found a gateway to a ziggurat.
 67130 | D:27     | Entered Level 27 of the Dungeon
 67140 | D:27     | Reached skill level 21 in Armour
 67638 | D:27     | Gained mutation: You are completely attuned to the shadows.
 67638 | D:27     | Reached XP level 21. HP: 128/182 MP: 19/19
 67650 | D:27     | Reached XP level 20. HP: 80/175 MP: 18/18
 68453 | D:27     | Reached XP level 21. HP: 183/183 MP: 19/19
 68537 | D:27     | Reached XP level 20. HP: 163/175 MP: 18/18
 68545 | D:27     | Noticed a bone dragon
 68559 | D:27     | Killed a bone dragon
 69040 | D:27     | Received a gift from Trog
 69040 | D:27     | Reached XP level 21. HP: 147/183 MP: 19/19
 69921 | D:27     | Reached XP level 20. HP: 171/175 MP: 18/18
 70318 | D:27     | Noticed a shining eye
 70318 | D:27     | a hill giant changed into a shining eye
 70320 | D:27     | Killed a shining eye
 70339 | D:27     | Noticed a deep elf demonologist
 70345 | D:27     | Killed a deep elf demonologist
 72043 | Vault:8  | Received a gift from Trog
 72129 | Vault:8  | Noticed an ancient lich
 72134 | Vault:8  | Reached skill level 22 in Armour
 72139 | Vault:8  | Killed an ancient lich
 72332 | Vault:8  | Noticed a deep elf death mage
 72340 | Vault:8  | Killed a deep elf death mage
 72799 | Vault:8  | Noticed a golden dragon
 72806 | Vault:8  | Killed a golden dragon
 73168 | Vault:8  | Noticed a battleaxe
 73174 | Vault:8  | Killed a battleaxe
 73184 | Vault:8  | Noticed a golden dragon
 73201 | Vault:8  | Killed a golden dragon
 73201 | Vault:8  | Reached XP level 21. HP: 117/185 MP: 19/19
 73204 | Vault:8  | Received a gift from Trog
 73207 | Vault:8  | Got a jewelled battleaxe {god gift}
 73208 | Vault:8  | Identified the +0,-4 battleaxe "Cleo" {god gift} (Trog gifted it to you on level 8 of the Vaults)
 73228 | Vault:8  | Reached XP level 20. HP: 92/177 MP: 18/18
 73601 | Vault:8  | Reached XP level 21. HP: 175/185 MP: 19/19
 73616 | Vault:8  | Noticed a guardian serpent
 73620 | Vault:8  | Killed a guardian serpent
 73628 | Vault:8  | Reached XP level 20. HP: 160/177 MP: 18/18
 73783 | Vault:8  | Noticed a deep elf mage
 73787 | Vault:8  | Killed a deep elf mage
 74184 | Vault:8  | Got a silver rune of Zot
 74231 | Vault:8  | Reached XP level 21. HP: 185/185 MP: 19/19
 74335 | Vault:8  | Reached XP level 20. HP: 117/177 MP: 18/18
 74680 | Vault:8  | Reached XP level 21. HP: 92/185 MP: 19/19
 74689 | Vault:8  | Received a gift from Trog
 75343 | Vault:8  | Reached skill level 23 in Armour
 75506 | Vault:8  | Got a jewelled demon whip
 75507 | Vault:8  | Identified the demon whip of Courage {elec, +Inv MR Str+1} (You found it on level 8 of the Vaults)
 76084 | Elf:1    | Entered Level 1 of the Elven Halls
 76243 | Elf:1    | Received a gift from Trog
 76439 | Elf:1    | Reached skill level 5 in Dodging
 77157 | Elf:2    | Noticed Jozef
 77163 | Elf:2    | Killed Jozef
 77483 | Elf:3    | Received a gift from Trog
 78448 | Elf:4    | Received a gift from Trog
 78605 | Elf:4    | Received a gift from Trog
 78793 | Elf:4    | Received a gift from Trog
 79174 | Elf:5    | Entered Level 5 of the Elven Halls
 79184 | Elf:5    | Noticed Urug
 79190 | Elf:5    | Killed Urug
 79249 | Elf:5    | Noticed a deep elf blademaster
 79251 | Elf:5    | Noticed Nergalle
 79259 | Elf:5    | Killed a deep elf blademaster
 79260 | Elf:5    | Reached XP level 20. HP: 111/178 MP: 18/18
 79263 | Elf:5    | Received a gift from Trog
 79544 | Elf:5    | Identified a +1 rod of destruction [fire] (10/10) (You found it on level 5 of the Elven Halls)
 79631 | Elf:5    | Noticed a deep elf master archer
 79636 | Elf:5    | Killed a deep elf master archer
 79764 | Elf:5    | You are cast into the Abyss!
 79764 | Elf:5    | Cast into the Abyss (deep elf demonologist)
 79764 | Abyss    | Entered The Abyss
 79882 | Abyss    | Noticed a clay golem
 79886 | Abyss    | Killed a clay golem
 80087 | Abyss    | Noticed a soul eater
 80092 | Abyss    | Killed a soul eater
 80213 | Abyss    | Received a gift from Trog
 80850 | Abyss    | Noticed a mottled draconian simulacrum
 80854 | Abyss    | Killed a mottled draconian simulacrum
 81216 | Abyss    | Noticed a red draconian simulacrum
 81216 | Abyss    | Reached XP level 21. HP: 166/186 MP: 19/19
 81223 | Abyss    | Killed a red draconian simulacrum
 81476 | Abyss    | Reached XP level 20. HP: 178/178 MP: 18/18
 81801 | Abyss    | Received a gift from Trog
 81926 | Abyss    | Gained mutation: Armour fits poorly on your strangely shaped body.
 82069 | Abyss    | Reached XP level 21. HP: 179/186 MP: 19/19
 82087 | Abyss    | Noticed a sky beast
 82128 | Abyss    | Killed a sky beast
 82139 | Abyss    | Noticed a green draconian
 82147 | Abyss    | Killed a green draconian
 82233 | Abyss    | Noticed a profane servitor
 82247 | Abyss    | Killed a profane servitor
 82250 | Abyss    | Noticed a giant eyeball
 82251 | Abyss    | Killed a giant eyeball
 82321 | Abyss    | Noticed a deep dwarf necromancer
 82323 | Abyss    | Killed a deep dwarf necromancer
 82668 | Abyss    | Noticed a silent spectre
 82672 | Abyss    | Killed a silent spectre
 82737 | Abyss    | Received a gift from Trog
 82744 | Abyss    | Got a transparent battleaxe {god gift}
 82745 | Abyss    | Identified the battleaxe "Zuafex" {god gift, freeze, +Lev Dex+1 SInv} (Trog gifted it to you in the Abyss)
 83145 | Abyss    | Noticed a naga mage
 83150 | Abyss    | Killed a naga mage
 83528 | Abyss    | Noticed a tentacled monstrosity
 83536 | Abyss    | Killed a tentacled monstrosity
 83632 | Abyss    | Noticed a white ugly thing
 83651 | Abyss    | Killed a white ugly thing
 83758 | Abyss    | Found a corrupted altar of Lugonu.
 83917 | Abyss    | Noticed a clay golem
 83928 | Abyss    | Killed a clay golem
 83938 | Abyss    | Noticed a stone golem
 83947 | Abyss    | Killed a stone golem
 84013 | Abyss    | Received a gift from Trog
 84582 | Abyss    | Reached skill level 10 in Dodging
 84597 | Abyss    | Noticed a shadow demon
 84601 | Abyss    | Killed a shadow demon
 84782 | Abyss    | Reached skill level 24 in Armour
 84784 | Abyss    | Found a corrupted altar of Lugonu.
 84791 | Abyss    | Got an abyssal rune of Zot
 85151 | Abyss    | Gained mutation: You are agile (Dex +1).
 85196 | Abyss    | Lost mutation: You are agile (Dex +1).
 85335 | Abyss    | Noticed an iron devil
 85340 | Abyss    | Killed an iron devil
 85604 | Abyss    | Reached XP level 22. HP: 179/196 MP: 19/19
 85935 | Abyss    | Received a gift from Trog
 86190 | Abyss    | Noticed a clay golem
 86195 | Abyss    | Killed a clay golem
 86297 | Abyss    | Noticed a jelly
 86300 | Abyss    | Killed a jelly
 86449 | Abyss    | Noticed a reaper
 86454 | Abyss    | Killed a reaper
 86553 | Abyss    | Found a basalt altar of Yredelemnul.
 86558 | Abyss    | Noticed a deep dwarf
 86560 | Abyss    | Killed a deep dwarf
 86654 | Elf:5    | You pass through the gate.
 86668 | Elf:5    | Received a gift from Trog
 86738 | Elf:5    | Noticed a deep elf blademaster
 86813 | Elf:5    | Noticed a deep elf master archer
 86832 | Elf:5    | Killed a deep elf blademaster
 87167 | Elf:5    | Killed a deep elf master archer
 87372 | Elf:5    | Received a gift from Trog
 87644 | Elf:5    | Identified a +2 rod of destruction [ice] (13/13) (You took it off a deep elf death mage on level 5 of the Elven Halls)
 87650 | Elf:5    | Got a crude ice dragon armour
 87679 | Elf:5    | Identified the +2 ice dragon armour "Kheq" (You took it off a deep elf knight on level 5 of the Elven Halls)
 87738 | Elf:5    | Got a twisted plate armour
 87756 | Elf:5    | Killed Nergalle
 87760 | Elf:5    | Got a shimmering ivory amulet
 87791 | Elf:5    | Identified the +6 plate armour of Fretz (You took it off a deep elf death mage on level 5 of the Elven Halls)
 87820 | Elf:5    | Got a pitted marble ring
 87821 | Elf:5    | Identified the amulet of Illetzoi (You found it on level 5 of the Elven Halls)
 87822 | Elf:5    | Identified the ring "Khiyr" (You found it on level 5 of the Elven Halls)
 87939 | Elf:5    | Got a brightly glowing graven amulet
 87940 | Elf:5    | Identified the amulet of Cheibriados' Fury (You found it on level 5 of the Elven Halls)
 89116 | Zot:1    | Entered Level 1 of the Realm of Zot
 90457 | Zot:5    | Entered Level 5 of the Realm of Zot
 90705 | Zot:5    | Received a gift from Trog
 90888 | Zot:5    | Noticed an ancient lich
 90900 | Zot:5    | Killed an ancient lich
 90912 | Zot:5    | Reached skill level 25 in Armour
 90923 | Zot:5    | Reached XP level 23. HP: 176/206 MP: 20/20
 90983 | Zot:5    | Noticed an orb of fire
 91055 | Zot:5    | Gained mutation: Your vision is a little blurry.
 91065 | Zot:5    | Killed an orb of fire
 91502 | Zot:5    | Got the Orb of Zot
 91542 | Zot:5    | Gained mutation: Your vision is quite blurry.
 91875 | D:26     | Noticed Xyffe the pandemonium lord
 91887 | D:26     | Killed Xyffe the pandemonium lord
 91910 | D:25     | Noticed Jyxeug the pandemonium lord
 91918 | D:25     | Killed Jyxeug the pandemonium lord
 92651 | D:$      | Escaped with the Orb!
